 Dungeon Crawl Stone Soup version 0.25-a0-366-g516bc45ae0 (webtiles) character file.

Game seed: 8671335180420668480, levelgen mode: deterministic

465 DerDa the Magician (level 7, 0/37 HPs)
             Began as a Vine Stalker Fighter on Jan 6, 2020.
             Succumbed to a water moccasin's poison
             ... on level 3 of the Dungeon.
             The game lasted 00:09:15 (3421 turns).

DerDa the Magician (Vine Stalker Fighter)           Turns: 3421, Time: 00:09:15

Health: 0/37       AC:  8    Str: 18    XL:     7   Next: 8%
Magic:  1/23       EV:  7    Int:  9    God:
Gold:   161        SH:  9    Dex: 15    Spells: 14/14 levels left

rFire    + . .     SeeInvis .   z - +1 war axe (venom)
rCold    + . .     Gourm    .   c - +0 shield
rNeg     . . .     Faith    .   b - +0 scale mail
rPois    +         Spirit   +   (no helmet)
rElec    +         Reflect  .   h - +0 cloak
rCorr    +         Harm     .   (no gloves)
MR       .....                  (no boots)
Stlth    ..........             (no amulet)
HPRegen  0.52/turn              q - ring of poison resistance
MPRegen  0.18/turn              u - ring of magical power

@: lethally poisoned (0 -> -1), resistant
A: fangs 2, regeneration 1, magic shield, antimagic bite, no potion heal 3, rot
immunity
a: no special abilities


You were on level 3 of the Dungeon.
You were not hungry.

You visited 1 branch of the dungeon, and saw 4 of its levels.
You also visited: Sewer.

You collected 221 gold pieces.
You spent 60 gold pieces at shops.

Inventory:

Hand Weapons
 a - a +0 rapier
 s - a +0 hunting sling
 y - a +0 whip of venom
 z - a +1 war axe of venom (weapon)
Missiles
 e - 16 sling bullets
 k - 107 stones (quivered)
 l - 106 bolts
Armour
 b - a +0 scale mail (worn)
 c - a +0 shield (worn)
 h - a +0 cloak (worn)
Jewellery
 q - a ring of poison resistance (left hand)
 u - a ring of magical power (right hand)
 B - an uncursed ring of stealth {unknown}
Scrolls
 j - 3 scrolls of teleportation
 n - 3 scrolls of remove curse {unknown}
 o - 3 scrolls of identify {unknown}
 p - 2 scrolls of fog {unknown}
 r - 2 scrolls of magic mapping {unknown}
 v - a scroll of amnesia {unknown}
Potions
 d - a potion of might
 g - a potion of resistance
 i - 2 potions of degeneration {unknown}
 m - a potion of heal wounds {unknown}
 t - a potion of agility {unknown}
 w - 2 potions of lignification {unknown}
 A - 5 potions of flight
Comestibles
 f - 9 rations


   Skills:
 + Level 3.9 Fighting
 - Level 1.7 Short Blades
 + Level 3.5 Armour
 + Level 3.9 Shields
 * Level 4.2 Spellcasting


You had 14 spell levels left.
You didn't know any spells.
Your spell library contained the following spells:

 Spells                   Type           Power        Failure   Level  Hunger
 Beastly Appendage        Tmut           #.....       98%         1    #......
 Sticks to Snakes         Tmut           #.......     99%         2    ###....
 Spider Form              Tmut/Pois      #.........   100%        3    ###....
 Ice Form                 Ice/Tmut       #.......     100%        4    #####..
 Blade Hands              Tmut           #.........   100%        5    ######.


Dungeon Overview and Level Annotations

Branches:
Dungeon (4/15)              Sewer (visited)
 Temple: D:4-7

Altars:

Shops:
D:4 (*


Innate Abilities, Weirdness & Mutations

You have extremely sharp teeth.
Your natural rate of healing is unusually fast.
When hurt, damage is shared between your health and your magic reserves.
Your bite disrupts and absorbs the magic of your enemies.
Potions cannot restore your health.
You are immune to rotting.


Message History

You closely miss the water moccasin. Your bite misses the water moccasin.
The water moccasin is heavily wounded.
You feel sick. The water moccasin barely misses you.
You block the water moccasin's attack. x2
You barely miss the water moccasin.
The water moccasin is severely wounded.
You feel sick. The water moccasin bites you.
* * * LOW HITPOINT WARNING * * *
The water moccasin bites you!
* * * LOW HITPOINT WARNING * * *
You closely miss the water moccasin. You bite the water moccasin.
You drain its power.
You feel invigorated.
The water moccasin is severely wounded.
You feel sick. The water moccasin bites you!
* * * LOW HITPOINT WARNING * * *
You block the water moccasin's attack.
Unknown command.
It was a potion of resistance.
You feel protected.
You die...

#.....# #.# ###.... ##'#..#
#.######.+.... #.#..#
#)#......#.... #.#..#
#.#.#........<
#.#..#########.............
#.#................รท....#).
#.##.###########.#.######..
#....#####.S...............
#.........@................
##...............#.######+#
#################.#.......
#.....# #.#....... #.....#
#.#....... #.....#
#.#....... #.....#
#.+....... #.....#
###....... #####.....#
#####...


You could see a water moccasin.

Vanquished Creatures
  A water moccasin (D:3)
  A howler monkey (D:4)
  An orc priest (D:3)
  2 worker ants
  A merfolk siren (Sewer)
  A merfolk avatar (Sewer)
  6 adders
  A river rat (Sewer)
  2 oozes
  An adder skeleton (D:4)
  3 worms
  6 leopard geckos
  9 orcs
  5 giant cockroaches
  4 goblins
  6 hobgoblins
  4 quokkas
  9 ball pythons
  5 bats
  12 frilled lizards
  2 jackal skeletons (D:4)
  8 kobolds
  35 rats
125 creatures vanquished.

Notes
Turn   | Place    | Note
-------+----------+-------------------------------------------
     0 | D:1      | DerDa the Vine Stalker Fighter began the quest for the Orb.
     0 | D:1      | Reached XP level 1. HP: 11/11 MP: 2/2
   187 | D:1      | Reached XP level 2. HP: 14/16 MP: 4/4
   231 | D:1      | Reached skill level 1 in Spellcasting
   816 | D:2      | Reached XP level 3. HP: 11/20 MP: 4/6
  1151 | D:2      | Reached skill level 2 in Spellcasting
  1151 | D:2      | Gained mutation: Your natural rate of healing is unusually
                  | fast. [Vine Stalker growth]
  1151 | D:2      | Reached XP level 4. HP: 23/24 MP: 6/8
  1631 | D:2      | Reached XP level 5. HP: 28/28 MP: 9/9
  2534 | D:3      | Reached skill level 3 in Spellcasting
  2800 | D:4      | Reached XP level 6. HP: 27/32 MP: 12/12
  2822 | D:4      | Found Baelos's Weapon Shop.
  2860 | D:4      | Bought a +0 whip of venom for 60 gold pieces
  2880 | D:4      | Found a glowing drain.
  2909 | Sewer    | Entered a sewer
  3335 | D:4      | Found Qofreoreto's Serpentskin Sales.
  3335 | D:4      | Noticed a water moccasin
  3335 | D:4      | Noticed a water moccasin
  3335 | D:4      | Noticed a water moccasin
  3336 | D:4      | Noticed a water moccasin
  3356 | D:3      | Killed a water moccasin
  3356 | D:3      | Reached skill level 4 in Spellcasting
  3356 | D:3      | Reached XP level 7. HP: 35/37 MP: 14/14
  3420 | D:3      | HP: 1/37 [water moccasin (3)]
  3421 | D:3      | Succumbed to a water moccasin's poison

Levels and vault maps discovered:
D:1:      sevenhm_arrival_forest_fort_small_4, layout_basic, hex_large,
          minmay_ruptured
D:2:      layout_basic, grunt_ministairs_10
D:3:      layout_basic, first_ration, hex_medium, guppyfry_early_lair_pool
D:4:      layout_basic, serial_rivers, chequers_serial_rivers_micro_a,
          chequers_serial_rivers_marsh, chequers_serial_rivers_small_b,
          chequers_serial_rivers_marsh, portal_sewer_entry_a, serial_shops,
          shop, guppyfry_shop_venom

Skill      XL: |  1  2  3  4  5  6 |
---------------+-------------------+-----
Spellcasting   | 1 2 3 4 |  4.2
Fighting       | 3 |  3.9
Shields        | 3 |  3.9
Armour         | 3 |  3.5
Short Blades   | |  1.7

Action                   |  1- 3 |  4- 6 |  7- 9 || total
-------------------------+-------+-------+-------++-------
Melee: Rapier            |    83 |   154 |       ||   237
       Bite              |    17 |    73 |     1 ||    91
       War axe           |       |    91 |     7 ||    98
  Use: Potion            |       |     1 |     1 ||     2
  Eat: Chunk             |     1 |     7 |     1 ||     9
Armor: Scale mail        |    21 |    89 |     4 ||   114
Dodge: Dodged            |    28 |    76 |     2 ||   106
Block: Shield            |    40 |   130 |     5 ||   175

Table legend:
 A = Non-vault XP
 B = Vault XP
 C = Vault XP percentage of total XP
 D = Non-vault monster count
 E = Vault monster count
 F = Vault count percentage of total count
                 A         B        C        D         E       F
            +---------+---------+-------+---------+---------+-------
      Total |     371 |     294 |  44.2 |      76 |      49 |  39.2
            +---------+---------+-------+---------+---------+-------
        D:1 |      27 |       1 |   3.6 |      17 |       1 |   5.6
        D:2 |     132 |       5 |   3.6 |      24 |       2 |   7.7
        D:3 |      87 |     145 |  62.5 |      20 |       1 |   4.8
        D:4 |     125 |       5 |   3.8 |      15 |       4 |  21.1
      Sewer |       0 |     138 | 100.0 |       0 |      41 | 100.0
            +---------+---------+-------+---------+---------+-------
